AoeStats
← Nishi_kun

Black Forest

503086810Analyzed
1v1v1v1v1v1v1v1 RM · 1mo ago on Aug 30, 2026· 21m 51s· 8 players
Game mode
Random Map
Map size
Tiny (2 player)
Population
200
Speed
Fast
Resources
Standard
Victory
Standard
Starting age
Dark Age
Ending age
Dark Age
RankedLock teamsTeams togetherTeam positionsShared explorationLock speedFull tech treeHidden civsTurbo modeCheats

Team 10

Victory
🇲🇴 Magyars · Macao SAR China
1197
+26

Team 11

Victory
🇮🇳 Lithuanians · India
1458
+16

Team 12

Victory
🇳🇱 Gurjaras · Netherlands
1367
+20

Team 13

Victory
🇯🇵 Teutons · Japan
1261
+24

Team 6

Defeat
🇦🇺 Franks · Australia
1388
-19

Team 7

Defeat
🇦🇺 Britons · Australia
1561
-26

Team 8

Defeat
🇳🇿 Bulgarians · New Zealand
1562
-26

Team 9

Defeat
🇦🇺 Huns · Australia
1299
-15
Rogue Old
19:21 Husbandry
19:18 Bodkin Arrow
19:38 Leather Archer Armor
19:44 Chain Barding Armor
20:00 Iron Casting
19:46 #83
MightyBeast
15:31 Elite Skirmisher
16:09 Bodkin Arrow
16:30 Leather Archer Armor
16:51 Iron Casting
16:32 Chain Mail Armor
16:38 Chain Barding Armor
16:43 Crossbowman
20:00 Arson
20:16 Squires
19:37 Pikeman
20:03 Gambesons
19:39 Long Swordsman
Are you ready for xmas?
8:35 Stirrups
9:02 Chain Barding Armor
9:18 Iron Casting
8:59 Leather Archer Armor
8:39 Bodkin Arrow
9:00 Chain Mail Armor
9:07 Ballistics
8:37 Guard Tower
8:58 Clinker Construction
8:59 Careening
13:57 Husbandry
14:08 Bloodlines
13:19 Light Cavalry
17:14 Cavalier
17:19 Spies/Treason
18:19 Conscription
18:00 Bagains
18:44 Plate Barding Armor
19:09 Blast Furnace
18:10 Bracer
18:40 Plate Mail Armor
19:13 Chemistry
18:49 Keep
cupe_bertrand
xhoic25
7:17 Bloodlines
7:10 Husbandry
11:21 Chain Barding Armor
11:17 Chain Mail Armor
10:58 Bodkin Arrow
11:19 Leather Archer Armor
10:46 Treadmill Crane
11:27 Ballistics
10:58 Guard Tower
13:22 Corvinian Army
19:49 Cavalier
20:48 Cavalier
22:12 Plate Barding Armor
21:38 Bracer
22:09 Ring Archer Armor
22:41 Chemistry
21:48 Siege Engineers
22:04 Shipwright
21:55 Clinker Construction
21:55 Careening
OKOK
11:40 Bloodlines
12:19 Husbandry
12:45 Chain Barding Armor
13:00 Iron Casting
12:28 Hill Forts
18:15 Cavalier
19:32 Plate Barding Armor
19:00 Tower Shields
18:21 Elite Leitis
19:22 Conscription
18:24 Spies/Treason
20:05 Cavalier
21:19 Paladin
21:27 Paladin
22:11 Bodkin Arrow
22:32 Leather Archer Armor
22:33 Chain Mail Armor
BulkyGangsta
10:34 Bodkin Arrow
11:16 Iron Casting
10:56 Leather Archer Armor
11:02 Chain Barding Armor
10:57 Chain Mail Armor
10:25 Treadmill Crane
10:37 Guard Tower
11:09 Ballistics
10:57 Kshatriyas
15:14 Spies/Treason
16:14 Conscription
16:14 Frontier Guards
15:25 Sappers
15:16 Elite Chakram Thrower
15:58 Bracer
16:34 Plate Barding Armor
16:30 Plate Mail Armor
17:02 Chemistry
16:38 Keep
22:09 Thumb Ring
21:25 Elite Elephant Archer
Nishi_kun
7:47 Bloodlines
20:25 Ballistics
19:55 Guard Tower
20:11 Siphons
20:16 Clinker Construction
20:17 Careening
20:30 Chain Barding Armor
20:25 Chain Mail Armor
20:46 Iron Casting
20:06 Bodkin Arrow
20:27 Leather Archer Armor
20:34 Ironclad
Connection lost

Rejoining the realm…

Still unreachable

The connection could not be restored.

Session expired

The server has moved on; the page needs a fresh start.